 Dungeon Crawl Stone Soup version 0.24.1-4-ge52af88ad5 (webtiles) character file.

Game seed: 13943988310080981462, levelgen mode: deterministic

1220 MajorAdolf the Cleaver (level 8, -4/67 HPs)
             Began as a Naga Wanderer on Apr 15, 2020.
             Slain by a gnoll
             ... wielding a +0 spear
              (8 damage)
             ... on level 6 of the Dungeon.
             The game lasted 00:06:41 (5654 turns).

MajorAdolf the Cleaver (Naga Wanderer)              Turns: 5654, Time: 00:06:41

Health: -4/67      AC: 10    Str: 16    XL:     8   Next: 47%
Magic:  9/9        EV:  6    Int: 11    God:
Gold:   203        SH: 10    Dex: 13    Spells: 7/7 levels left

rFire    . . .     SeeInvis +   v - +0 war axe
rCold    . . .     Gourm    .   i - +2 shield {AC+3}
rNeg     + . .     Faith    .   r - +0 ring mail
rPois    +         Spirit   .   (no helmet)
rElec    .         Reflect  .   (no cloak)
rCorr    .         Harm     .   q - +0 pair of gloves
MR       +....                  (no barding)
Stlth    +.........             (no amulet)
HPRegen  0.21/turn              j - ring of positive energy
MPRegen  0.11/turn              (no ring)

@: very slow
A: large, see invisible, deformed body, poison resistance, slowness 2, slow
metabolism 1, spit poison 1, AC +2
a: Spit Poison


You were on level 6 of the Dungeon.
You were hungry.

You visited 1 branch of the dungeon, and saw 6 of its levels.

You collected 203 gold pieces.

Inventory:

Hand Weapons
 v - a +0 war axe (weapon)
Missiles
 d - 99 arrows
Armour
 i - a +2 shield of protection (worn)
 q - a +0 pair of gloves (worn)
 r - a +0 ring mail (worn)
Jewellery
 j - a ring of positive energy (left hand)
Wands
 a - a wand of iceblast (12)
 c - a wand of acid (4)
 m - a wand of flame (18)
Scrolls
 e - a scroll of fear
 g - 5 scrolls of identify
 h - 3 scrolls of teleportation {unknown}
 n - 4 scrolls of noise {unknown}
 o - a scroll of immolation {unknown}
 p - 3 scrolls of enchant weapon {unknown}
 s - 3 scrolls of remove curse
 u - a scroll of blinking {unknown}
Potions
 b - 5 potions of curing
 k - 2 potions of cancellation
 l - a potion of mutation {unknown}
 t - a potion of invisibility {unknown}
 x - 2 potions of brilliance {unknown}
Comestibles
 f - 6 rations
 w - a chunk of flesh


   Skills:
 - Level 2.0 Fighting
   Level 2.0 Long Blades
 + Level 8.3 Axes
   Level 1.7 Bows
 - Level 3.4 Armour
 - Level 1.3 Dodging
 - Level 1.5 Stealth
 - Level 1.3 Shields
 - Level 2.3 Evocations


You had 7 spell levels left.
You didn't know any spells.
Your spell library was empty.

Dungeon Overview and Level Annotations

Branches:
Dungeon (6/15)
 Temple: D:4-7

Altars:
Nemelex Xobeh
Vehumet
Wu Jian
Zin


Innate Abilities, Weirdness & Mutations

You cannot wear boots.
Your serpentine skin is tough. (AC +2)
You have supernaturally acute eyesight. (SInv)
Armour fits poorly on your strangely shaped body.
Your system is resistant to poisons. (rPois)
You cover ground very slowly.
You have a slow metabolism.
You can spit poison.


Message History

The orc wizard points at you and mumbles some strange words.
You easily resist.
The gnoll hits you but does no damage.
A giant cockroach comes into view.
The crimson imp hits you but does no damage.
The gnoll hits you but does no damage. The crimson imp hits you.
* * * LOW HITPOINT WARNING * * *
Items here: )))) [[ †† Unknown command.
Your shield prevents you from hitting the gnoll.
You completely miss the crimson imp. The gnoll hits you with a +0 spear!
* * * LOW HITPOINT WARNING * * *
The crimson imp barely misses you. The orc wizard casts a spell at you.
The magic dart hits you but does no damage.
The gnoll completely misses you.
You hit the gnoll.
The gnoll is heavily wounded.
You hit the orc wizard. You hit the crimson imp.
You block the crimson imp's attack. The gnoll hits you with a +0 spear!
You die...

.#o#.#.#.#.#.#
#..............
#o#)#.#.#.#.#.#
#............. #.#.#.#.#.#.#
##........... ##.......+..
####o.s##...# #...@g.##...#
#. .. #..5...##...# #. #..
##......##...# #.##.##
##.......##...###. .....##.
#.................#
.....##.###......############
.....##...)......+ .
.....##..........#.###
.....#########...#....


You could see an orc wizard, a gnoll, a crimson imp and a giant cockroach.

Vanquished Creatures
  Pikel (D:4)
  2 orc warriors
  A sky beast (D:5)
  A phantom (D:5)
  A scorpion (D:4)
  A howler monkey (D:6)
  An orc priest (D:5)
  A hound (D:5)
  A worker ant (D:4)
  2 orc wizards
  A worker ant zombie (D:5)
  3 gnolls (D:6)
  6 adders
  An adder skeleton (D:4)
  2 worms
  A dart slug (D:2)
  A leopard gecko (D:2)
  8 orcs
  7 giant cockroaches
  A hobgoblin (D:2)
  8 jackals
  3 quokkas
  A ball python (D:3)
  A ball python skeleton (D:4)
  6 bats
  3 frilled lizards
  5 goblins
  10 kobolds
  A leopard gecko skeleton (D:4)
  8 rats
89 creatures vanquished.

Vanquished Creatures (others)
  A water moccasin (D:5)
  A slave (D:5)
  A shadow imp (D:5)
  A giant cockroach (D:5)
  A quokka (D:5)
5 creatures vanquished.

Grand Total: 94 creatures vanquished

Notes
Turn   | Place    | Note
-------+----------+-------------------------------------------
     0 | D:1      | MajorAdolf the Naga Wanderer began the quest for the Orb.
     0 | D:1      | MajorAdolf set off with the following items: a +2 falchion,
                  | a potion of curing, a +0 shortbow, 32 arrows, a +0 robe, a
                  | ration
     0 | D:1      | Reached XP level 1. HP: 19/19 MP: 1/1
   256 | D:1      | Reached XP level 2. HP: 24/26 MP: 2/2
   980 | D:2      | Reached XP level 3. HP: 32/32 MP: 3/3
  1815 | D:3      | Noticed an orc warrior
  1870 | D:3      | Killed an orc warrior
  1870 | D:3      | Reached skill level 1 in Dodging
  1870 | D:3      | Reached skill level 1 in Shields
  1870 | D:3      | Reached XP level 4. HP: 39/39 MP: 5/5
  1870 | D:3      | Reached XP level 5. HP: 45/45 MP: 6/6
  3152 | D:4      | Reached skill level 1 in Axes
  3282 | D:4      | Reached skill level 2 in Axes
  3282 | D:4      | Reached XP level 6. HP: 52/52 MP: 7/7
  3995 | D:5      | Entered Level 5 of the Dungeon
  3995 | D:5      | Noticed Pikel
  3995 | D:5      | Noticed a slave
  3995 | D:5      | Noticed a slave
  3995 | D:5      | Noticed a slave
  3995 | D:5      | Noticed a slave
  4006 | D:4      | Killed Pikel
  4006 | D:4      | Reached skill level 6 in Axes
  4006 | D:4      | Reached XP level 7. HP: 40/60 MP: 8/8
  4357 | D:5      | Found an ornate altar of the Wu Jian Council.
  4357 | D:5      | Found a glowing silver altar of Zin.
  4358 | D:5      | Found a radiant altar of Vehumet.
  4381 | D:5      | Reached XP level 8. HP: 44/67 MP: 9/9
  4497 | D:5      | Reached skill level 7 in Axes
  5387 | D:3      | Found a sparkling altar of Nemelex Xobeh.
  5624 | D:6      | Reached skill level 8 in Axes
  5653 | D:6      | HP: 3/67 [gnoll/+0 spear (8)]
  5654 | D:6      | Slain by a gnoll

Levels and vault maps discovered:
D:1:      psy_arrival_basics, layout_loops_ring, minmay_split_cup_small
D:2:      layout_loops_ring, first_ration
D:3:      layout_basic, nicolae_overflow_hidden_temple, serial_rivers,
          chequers_serial_rivers_micro_e, chequers_serial_rivers_room_b,
          chequers_serial_rivers_large_a, chequers_serial_rivers_micro_e
D:4:      layout_basic
D:5:      layout_basic, gammafunk_temple_overflow_claw, uniq_pikel
D:6:      layout_basic, led_sif_pool, chequers_temple_overflow_minitemple,
          lemuel_temple_firewalk_b, minmay_misc_feat_five,
          roderic_serpentine_path, hex_large

Skill      XL: |  1  2  3  4  5  6  7  8 |
---------------+-------------------------+-----
Armour         | 2 3 |  3.4
Dodging        | 1 |  1.3
Shields        | 1 |  1.3
Evocations     | 2 |  2.3
Axes           | 2 6 8 |  8.3
Fighting       | |  2.0
Long Blades    | |  2.0
Bows           | |  1.7
Stealth        | |  1.5

Action                   |  1- 3 |  4- 6 |  7- 9 || total
-------------------------+-------+-------+-------++-------
Melee: Falchion          |    83 |     3 |       ||    86
       War axe           |       |    79 |   123 ||   202
 Abil: Spit Poison       |    16 |     4 |     1 ||    21
Evoke: Wand              |       |     2 |     3 ||     5
  Use: Scroll            |     5 |       |       ||     5
       Potion            |       |     1 |       ||     1
 Stab: Sleeping          |     3 |       |       ||     3
  Eat: Chunk             |     2 |     3 |     5 ||    10
       Ration            |       |     1 |       ||     1
Armor: Robe              |    13 |       |       ||    13
       Ring mail         |    15 |    52 |    65 ||   132
Dodge: Dodged            |    47 |    23 |    33 ||   103
Block: Shield            |     7 |    36 |    59 ||   102
       Rpst.: Falchion   |    16 |       |       ||    16
